 Dungeon Crawl Stone Soup version 0.21.1-1-g345015f (webtiles) character file.

186 Figureslego113 the Grave Robber (level 5, 0/35 HPs)
             Began as a Mummy Necromancer on June 21, 2018.
             Slain by Terence
             ... wielding a +0 flail
              (5 damage)
             ... on level 3 of the Dungeon.
             The game lasted 00:09:52 (3108 turns).

Figureslego113 the Grave Robber (Mummy Necromancer) Turns: 3108, Time: 00:09:53

Health: 0/35       AC:  2    Str: 12    XL:     5   Next: 38%
Magic:  9/12       EV: 12    Int: 15    God:
Gold:   186        SH:  0    Dex: 12    Spells: 13/14 levels left

rFire    x . .     SeeInvis .   i - +0 falchion (elec)
rCold    + . .     Gourm    .   (no shield)
rNeg     + + +     Faith    .   k - +0 robe
rPois    ∞         Spirit   .   (no helmet)
rElec    .         Reflect  .   (no cloak)
rCorr    .         Harm     .   (no gloves)
MR       .....     Rnd*Tele +   (no boots)
Stlth    ++........             (no amulet)
HPRegen  0.11/turn              a - ring of teleportation (curse)
MPRegen  0.13/turn              (no ring)

@: no status effects
A: no food or potions, fire vulnerability, cold resistance 1, negative energy
resistance 3, torment resistance, unbreathing
a: no special abilities


You were on level 3 of the Dungeon.
You were not hungry.

You visited 1 branch of the dungeon, and saw 3 of its levels.

You collected 186 gold pieces.

Inventory:

Hand Weapons
 i - a +0 falchion of electrocution (weapon)
Armour
 k - a +0 robe (worn)
Jewellery
 a - a cursed ring of teleportation (left hand)
Scrolls
 c - a scroll of fog {unknown}
 d - a scroll of amnesia {unknown}
 e - a scroll of identify
 j - a scroll of fear
Books
 b - a book of Necromancy

   Spells                             Type                      Level
   a - Pain                           Necromancy                   1
   b - Animate Skeleton               Necromancy                   1
   c - Vampiric Draining              Necromancy                   3
   d - Regeneration                   Charms/Necromancy            3
   e - Animate Dead                   Necromancy                   4
   f - Borgnjor's Vile Clutch         Necromancy/Earth             5


   Skills:
 + Level 0.1 Fighting
 + Level 1.5 Dodging
 - Level 1.5 Stealth
 * Level 5.0 Spellcasting
 * Level 5.6 Necromancy


You had 13 spell levels left.
You knew the following spells:

 Your Spells              Type           Power        Failure   Level  Hunger
a - Pain                  Necr           ###.         1%          1    N/A

Dungeon Overview and Level Annotations

Branches:
Dungeon (3/15)

Altars:
Vehumet
The Shining One

Annotations:
D:3 Terence


Innate Abilities, Weirdness & Mutations

You do not eat or drink.
Your flesh is vulnerable to fire.
You are immune to poison.
Your flesh is cold resistant. (rC+)
You are immune to negative energy. (rN+++)
You are immune to unholy pain and torment.
You can survive without breathing.


Message History

Aiming: Pain
Press: ? - help, Shift-Dir - straight line, f - Terence
Aim: Terence, wielding a flail, wearing a scale mail and carrying a wand of flame (30) (severely wounded, chance to defeat MR: 85%) Terence writhes in agony!
Terence hits you but does no damage.
Casting: Pain
Confirm with . or Enter, or press ? or * to list all spells.
Aiming: Pain
Press: ? - help, Shift-Dir - straight line, f/p - Terence
Aim: Terence, wielding a flail, wearing a scale mail and carrying a wand of flame (30) (severely wounded, chance to defeat MR: 85%) Terence barely resists.
Casting: Pain
Confirm with . or Enter, or press ? or * to list all spells.
Aiming: Pain
Press: ? - help, Shift-Dir - straight line, f/p - Terence
Aim: Terence, wielding a flail, wearing a scale mail and carrying a wand of flame (30) (severely wounded, chance to defeat MR: 85%) Terence barely resists.
Terence barely misses you.
You barely miss Terence.
Terence is severely wounded.
Terence hits you with a flail.
You die...

#.........# #..♣♣♣♣♣..♣♣
########### ##.♣(♣♣...♣
.<# #...♣♣♣♣_♣ #.#
##.♣♣.♣♣♣♣ #.#
#.♣.♣.♣♣♣♣
#####.#######.........
#...............###..#
#.#.###.###.##.....###.#
#......@# #.###...## #.#
###.###@# #.###..#####.#
#.# #............# #.#
#####..#######
..#######..##
#?..........##
#.######.....## ..#
#.......## #.........###


You could see Terence.

Vanquished Creatures
  An orc priest (D:3)
  An orc wizard (D:3)
  A gnoll (D:1)
  3 adders (D:2)
  An ooze (D:2)
  3 worms
  6 dart slugs
  8 orcs
  4 goblins
  6 hobgoblins
  13 kobolds
  2 quokkas (D:2)
  6 bats
  9 rats
64 creatures vanquished.

Notes
Turn   | Place    | Note
-------+----------+-------------------------------------------
     0 | D:1      | Figureslego113 the Mummy Necromancer began the quest for the Orb.
     0 | D:1      | Reached XP level 1. HP: 13/13 MP: 4/4
   257 | D:1      | Reached XP level 2. HP: 7/19 MP: 0/6
   815 | D:1      | Reached XP level 3. HP: 24/24 MP: 3/7
  1331 | D:2      | Reached skill level 5 in Necromancy
  1509 | D:2      | Reached XP level 4. HP: 30/30 MP: 2/10
  2436 | D:3      | Found a glowing golden altar of the Shining One.
  2601 | D:3      | Reached XP level 5. HP: 28/35 MP: 0/11
  2610 | D:3      | Reached skill level 5 in Spellcasting
  2972 | D:3      | Found a faded altar of an unknown god.
  3072 | D:3      | Became a worshipper of Vehumet
  3072 | D:3      | Reached * piety under Vehumet
  3072 | D:3      | Offered knowledge of Magic Dart by Vehumet.
  3073 | D:3      | Fell from the grace of Vehumet
  3099 | D:3      | Noticed Terence
  3108 | D:3      | Slain by Terence

Skill      XL: |  1  2  3  4  5 |
---------------+----------------+-----
Spellcasting   | 3 4 5 |  5.0
Necromancy     | 5 |  5.6
Fighting       | |  0.1
Dodging        | |  1.5
Stealth        | |  1.5

Action                   |  1- 3 |  4- 6 || total
-------------------------+-------+-------++-------
Melee: Unarmed           |     2 |     4 ||     6
       Falchion          |       |    25 ||    25
 Cast: Pain              |    70 |    52 ||   122
Invok: Renounce Religion |       |     1 ||     1
  Use: Scroll            |       |     4 ||     4
 Stab: Sleeping          |       |     1 ||     1
Armor: Robe              |     3 |     6 ||     9
Dodge: Dodged            |    12 |    31 ||    43
       Rpst.: Falchion   |       |     9 ||     9
